 Dungeon Crawl Stone Soup version 0.25-a0-565-g8875c97ebb (webtiles) character file.

Game seed: 4245668708500025325, levelgen mode: deterministic

134033 Flugslaktarn the Severer (level 16, -3/160 HPs)
             Began as a Deep Dwarf Fighter on Feb 26, 2020.
             Was the Champion of Makhleb.
             Slain by a merfolk aquamancer
             ... wielding a +0 rapier of electrocution
              (4 damage)
             ... on level 1 of the Shoals.
             The game lasted 00:13:24 (12903 turns).

Flugslaktarn the Severer (Deep Dwarf Fighter)      Turns: 12903, Time: 00:13:24

Health: -3/160     AC: 28    Str: 26    XL:     16   Next: 31%
Magic:  2/2 (6)    EV:  8    Int: 13    God:    Makhleb [******]
Gold:   737        SH: 19    Dex: 16    Spells: 15/15 levels left

rFire    + . .     SeeInvis .   a - +4 broad axe "Zuicauv" {antimagic, rC+ Int+3 Dex+4}
rCold    + . .     Gourm    .   X - +0 tower shield
rNeg     + . .     Faith    +   U - +3 plate armour {rF+}
rPois    +         Spirit   .   (no helmet)
rElec    .         Reflect  .   E - +2 cloak {+Inv}
rCorr    .         Harm     .   (no gloves)
MR       ++...                  x - +2 pair of boots
Stlth    ..........             y - amulet of faith
HPRegen  0.00/turn              v - +3 ring of evasion
MPRegen  0.08/turn              o - ring of poison resistance

@: mesmerised, non-regenerating, very slow
A: damage resistance, heal wounds, slimy green scales 1, negative energy
resistance 1, sense surroundings 3, sturdy frame 1, no regeneration
}: 1/15 runes: serpentine
a: Heal Wounds, Minor Destruction, Lesser Servant of Makhleb, Major Destruction,
Greater Servant of Makhleb, Renounce Religion, Evoke Invisibility


You were on level 1 of the Shoals.
You worshipped Makhleb.
Makhleb was exalted by your worship.
You were not hungry.

You visited 5 branches of the dungeon, and saw 23 of its levels.
You also visited: Bailey and Volcano.

You collected 1737 gold pieces.
You spent 1000 gold pieces at shops.

Inventory:

Hand Weapons
 a - the +4 broad axe "Zuicauv" (weapon) {antimagic, rC+ Int+3 Dex+4}
   (You acquired it on level 10 of the Dungeon)

   It reduces the magical energy of the wielder, and disrupts the spells and
   magical abilities of those hit.
   Natural abilities and divine invocations are not affected.
   It affects your intelligence (+3).
   It affects your dexterity (+4).
   It protects you from cold.
Missiles
 B - 2 throwing nets (quivered)
Armour
 x - a +2 pair of boots (worn)
   (You found it on level 5 of the Dungeon)
 E - a +2 cloak of invisibility (worn)
   (You found it on level 11 of the Dungeon)
 N - a +0 pair of gloves
   (You found it on level 4 of the Snake Pit)
 U - a +3 plate armour of fire resistance (worn)
   (You found it in a volcano)
 X - a +0 tower shield (worn)
   (You took it off a naga warrior on level 4 of the Snake Pit)
Jewellery
 c - an uncursed ring of protection from cold
   (You found it on level 8 of the Dungeon)
 o - a ring of poison resistance (right hand)
   (You acquired it on level 2 of the Lair of Beasts)
 p - a +2 ring of protection
   (You found it on level 4 of the Dungeon)
 v - a +3 ring of evasion (left hand)
   (You found it on level 12 of the Dungeon)
 y - an amulet of faith (around neck)
   (You found it on level 6 of the Dungeon)
 G - an uncursed amulet of the acrobat {unknown}
   (You found it on level 1 of the Lair of Beasts)
 L - an uncursed ring of ice {unknown}
   (You found it on level 1 of the Snake Pit)
 M - an uncursed ring of fire
   (You found it on level 3 of the Dungeon)
 S - an uncursed ring of stealth {unknown}
   (You found it on level 1 of the Lair of Beasts)
Wands
 D - a wand of scattershot (4)
   (You found it on level 5 of the Dungeon)
 F - a wand of iceblast (6)
   (You found it on level 7 of the Dungeon)
 I - a wand of digging (8)
   (You found it on level 7 of the Dungeon)
 R - a wand of acid (20)
   (You found it on level 14 of the Dungeon)
Scrolls
 f - 5 scrolls of amnesia
 j - 6 scrolls of remove curse
 m - 2 scrolls of fear
 n - 4 scrolls of fog
 r - 3 scrolls of identify
 s - 3 scrolls of noise {unknown}
 t - 13 scrolls of teleportation
 z - a scroll of blinking
 A - 3 scrolls of enchant armour
 C - a scroll of silence
 H - 2 scrolls of summoning
 P - a scroll of immolation
 T - a scroll of random uselessness {unknown}
 V - a scroll of magic mapping {unknown}
 W - 3 scrolls of enchant weapon
Potions
 b - 3 potions of brilliance
 d - 2 potions of might
 g - 8 potions of flight
 h - 3 potions of haste
 i - 3 potions of lignification
 k - a potion of mutation
 l - 6 potions of berserk rage
 q - 8 potions of curing
 u - 3 potions of stabbing
 w - 2 potions of heal wounds
 J - a potion of ambrosia
 K - a potion of magic
 O - 2 potions of resistance {unknown}
 Q - a potion of cancellation {unknown}
Comestibles
 e - 43 rations
 Y - 3 chunks of flesh


   Skills:
 * Level 14.6 Fighting
 - Level 18.0 Axes
 + Level 12.8 Armour
 + Level 10.7 Shields
 + Level 12.8 Invocations


You had 15 spell levels left.
You didn't know any spells.
Your spell library was empty.

Dungeon Overview and Level Annotations

Branches:
Dungeon (15/15)            Temple (1/1) D:5            Lair (2/6) D:8
 Shoals (1/4) Lair:2        Snake (4/4) Lair:2          Orc (0/2) D:11
 Vaults (0/5) D:13         Depths (0/5) D:15         Bailey (visited)
Volcano (visited)

Altars:
Ashenzari
Cheibriados
Dithmenos
Fedhas
Gozag
Kikubaaqudgha
Makhleb
Nemelex Xobeh
Okawaru
Qazlal
Ru
Sif Muna
Trog
Uskayaw
Vehumet
Wu Jian
Xom
Yredelemnul
Zin
The Shining One

Shops:
D:8 [:   D:15 }

Annotations:
D:9 1 runed translucent door, Seacsyemm's ghost, novice TrFi
D:13 exclusions: 2 doors and 1 more exclusion
D:14 exclusion: obsidian statue
Lair:2 Esoasiq's ghost, journeyman DsGl


Innate Abilities, Weirdness & Mutations

You are resistant to damage.
You can heal yourself by infusing magical energy.
You resist negative energy. (rN+)
You passively map a large area around you.
You do not regenerate.
You are partially covered in slimy green scales. (AC +2)
Your movements are slightly less encumbered by armour. (ER -2)


Message History

You closely miss the sea snake.
Your shield prevents you from hitting the sea snake.
The merfolk hits you from afar with a cursed -3 trident!
* * * LOW HITPOINT WARNING * * *
You block the sea snake's attack.
Some of the chunks of flesh in your inventory have rotted away.
You closely miss the merfolk aquamancer.
The merfolk aquamancer is severely wounded.
You barely miss the sea snake. You slice the sea snake!!
The sea snake bites you but does no damage.
You block the merfolk aquamancer's attack.
The sea snake bites you but does no damage.
You closely miss the merfolk aquamancer.
The merfolk aquamancer is severely wounded.
You slice the sea snake!! You hit the sea snake.
You block the sea snake's attack.
The merfolk siren chants its luring song.
The merfolk hits you but does no damage.
The merfolk aquamancer hits you with a +0 rapier of electrocution.
You die...

+ , , #.##.≈.≈..≈≈≈≈≈..≈≈≈≈
, #.#.≈≈≈≈≈≈≈≈≈≈≈≈≈.... *
*###..≈≈≈≈≈≈≈≈≈≈≈≈≈≈≈≈≈≈ ,
, ,,
......P≈≈≈.....≈≈≈≈≈≈≈≈ ,
,,,..#####..≈≈.##...≈≈≈≈≈≈≈
., , #.....# #.....≈≈≈ , ,,
#.#..!# ##$###.≈≈ , ,,,
#≈#...####..**.... * ,, , ,
,#@mE....... #.... * ,,,,
**#SSE....≈≈. #.... ,,
.mEE.≈≈≈≈≈≈. ,, ,
≈≈..m≈≈≈≈≈≈≈≈. , ,, ,
≈≈≈≈≈≈≈≈≈≈≈≈≈≈≈. , ,,
≈≈≈≈≈≈≈≈≈≈≈≈≈≈≈≈ ≈ ,,* ,,
,≈ ≈≈≈≈≈≈≈≈≈≈≈≈≈≈≈≈ ≈ , , ≈
≈≈≈≈≈≈≈≈≈≈≈≈≈≈≈ , ,≈ ≈ ≈ ≈
≈ ≈≈ ≈ ,


You could see 2 sea snakes, a merfolk aquamancer, a merfolk, 4 water elementals
and a merfolk siren.

Vanquished Creatures
  Kirke (Snake:3)
  5 nagarajas (Snake:4)
  Aizul (Snake:4)
  A dire elephant (D:15)
  An ogre mage (D:15)
  7 naga warriors
  2 vault guards (D:13)
  2 hydras
  A centaur warrior (D:14)
  7 two-headed ogres
  5 anacondas
  2 merfolk aquamancers (Shoals:1)
  A death knight (D:15)
  3 shock serpents
  4 naga sharpshooters
  A skeletal warrior (D:15)
  A salamander mystic (Volcano)
  4 unseen horrors
  4 naga ritualists
  4 sea snakes
  Pikel (D:5)
  A wolf spider (D:15)
  2 phantasmal warriors (D:15)
  2 manticores
  5 orc knights
  3 deep elf magi
  10 harpies (Shoals:1)
  8 mana vipers
  10 ugly things
  2 cyclopes
  5 salamanders
  4 merfolk sirens
  16 black mambas
  A centaur zombie (D:12)
  8 naga magi
  A water nymph (Shoals:1)
  3 spiny frogs (Lair:1)
  Maggie (Lair:2)
  3 gargoyles
  4 efreet
  A freezing wraith (D:15)
  6 kobold demonologists (D:15)
  3 komodo dragons
  A yaktaur (D:15)
  A tengu conjurer (D:15)
  5 trolls
  A queen bee (Lair:2)
  2 merfolk
  2 hornets
  A wind drake (Shoals:1)
  2 meliai zombies (D:10)
  2 snapping turtles (Shoals:1)
  8 hippogriffs
  2 centaur simulacra (D:15)
  A shadow (D:15)
  5 water elementals
  2 vampires (D:14)
  A tarantella (shapeshifter) (D:15)
  Eustachio (D:5)
  10 humans
  18 yaks
  2 basilisks (D:15)
  3 fire elementals (Snake:1)
  A wyvern (D:14)
  3 hungry ghosts
  6 hogs
  A soldier ant (D:12)
  13 nagas
  8 water moccasins
  4 porcupines (Lair:1)
  2 acid dragons (D:15)
  4 hell hounds (Snake:1)
  A meliai simulacrum (D:15)
  19 orc warriors
  3 sky beasts
  A black bear (shapeshifter) (D:14)
  A black bear (D:7)
  2 phantoms
  2 slaves (D:5)
  An ice beast (D:11)
  10 ogres
  11 centaurs
  5 wolves (Lair:1)
  3 crocodiles
  A big kobold (D:14)
  11 bullfrogs
  8 scorpions
  30 killer bees
  5 howler monkeys
  5 wights (D:10)
  4 electric eels (D:13)
  2 bullfrog zombies
  10 crimson imps
  3 bullfrog skeletons
  A jelly (D:6)
  8 orc priests
  10 hounds
  21 orc wizards
  11 centaur skeletons
  3 iguanas
  10 worker ants
  6 ogre zombies (D:11)
  A hound zombie (D:7)
  2 hound skeletons
  3 worker ant zombies
  14 adders
  A howler monkey skeleton (D:11)
  4 shadow imps
  An ooze (D:2)
  2 worms
  3 dart slugs
  2 leopard geckos (D:5)
  63 orcs
  2 ball pythons (Snake:3)
  3 bats (D:2)
  2 giant cockroaches
  5 goblins
  3 hobgoblins
  8 jackals
  19 kobolds
  2 quokkas
  5 frilled lizards
  2 goblin skeletons (D:11)
  3 goblin zombies (D:11)
  A hobgoblin skeleton (D:11)
  2 hobgoblin zombies (D:11)
  2 orc skeletons (D:11)
  9 orc zombies (D:11)
  A quokka skeleton (D:6)
  2 quokka zombies (D:5)
  5 rats
  A fungus (Lair:2)
650 creatures vanquished.

Vanquished Creatures (collateral kills)
  Agnes (D:15)
  A nagaraja (Snake:4)
  3 naga warriors (Snake:4)
  2 naga sharpshooters (Snake:4)
  A cyclops (D:15)
  5 naga magi (Snake:4)
  2 nagas (Snake:4)
15 creatures vanquished.

Vanquished Creatures (others)
  An unseen horror (D:15)
  A human (D:13)
  A naga (Snake:4)
  A plant (Shoals:1)
4 creatures vanquished.

Grand Total: 669 creatures vanquished

Notes
Turn   | Place    | Note
-------+----------+-------------------------------------------
     0 | D:1      | Flugslaktarn the Deep Dwarf Fighter began the quest for the
                  | Orb.
     0 | D:1      | Reached XP level 1. HP: 20/20 MP: 1/1
    91 | D:2      | Reached XP level 2. HP: 28/28 MP: 2/2
   177 | D:2      | Reached XP level 3. HP: 34/34 MP: 3/3
   225 | D:2      | Reached skill level 3 in Axes
   384 | D:3      | Reached XP level 4. HP: 42/42 MP: 4/4
   454 | D:4      | Noticed an ogre
   460 | D:4      | Killed an ogre
   460 | D:4      | Reached XP level 5. HP: 20/50 MP: 5/5
   603 | D:4      | Reached skill level 4 in Axes
   639 | D:4      | Reached XP level 6. HP: 31/57 MP: 6/6
   825 | D:4      | Found a glowing silver altar of Zin.
  1411 | D:5      | Entered Level 5 of the Dungeon
  1415 | D:5      | Noticed Eustachio
  1417 | D:5      | Reached skill level 5 in Axes
  1442 | D:5      | Reached XP level 7. HP: 47/66 MP: 3/3
  1445 | D:5      | Reached skill level 5 in Fighting
  1554 | D:5      | Killed Eustachio
  1554 | D:5      | Reached skill level 5 in Armour
  1583 | D:5      | Found a staircase to the Ecumenical Temple.
  1588 | D:5      | Reached skill level 6 in Axes
  1595 | D:5      | Noticed Pikel
  1595 | Temple   | Entered the Ecumenical Temple
  1831 | D:5      | Killed Pikel
  1831 | D:5      | Reached XP level 8. HP: 65/76 MP: 4/4
  1885 | D:5      | Reached skill level 7 in Axes
  2466 | D:6      | Reached skill level 8 in Axes
  2889 | D:7      | Gained mutation: You passively map the area around you.
                  | [Deep Dwarf growth]
  2889 | D:7      | Reached XP level 9. HP: 47/86 MP: 4/4
  3120 | D:7      | Found a burning altar of Makhleb.
  3120 | D:7      | Found an opulent altar of Gozag.
  3121 | D:7      | Found a stormy altar of Qazlal.
  3130 | D:7      | Became a worshipper of Makhleb the Destroyer
  3211 | D:7      | Reached skill level 9 in Axes
  3233 | D:7      | Reached skill level 1 in Invocations
  3554 | D:8      | Found Bicib's Armour Shoppe.
  3559 | D:8      | Noticed a gargoyle
  3580 | D:8      | Killed a gargoyle
  3785 | D:8      | Found Ehueko's Book Emporium.
  3809 | D:8      | Found an opulent altar of Gozag.
  3809 | D:8      | Noticed a deep elf mage
  3834 | D:8      | Killed a deep elf mage
  3860 | D:8      | Found a staircase to the Lair.
  3878 | D:8      | Reached XP level 10. HP: 84/98 MP: 4/4
  3883 | D:8      | Found a shimmering blue altar of Sif Muna.
  3889 | D:8      | Reached skill level 10 in Axes
  3890 | D:8      | Reached * piety under Makhleb
  4363 | D:9      | Found a glowing golden altar of the Shining One.
  4363 | D:9      | Found a sacrificial altar of Ru.
  4394 | D:9      | Found a radiant altar of Vehumet.
  4653 | D:9      | Reached ** piety under Makhleb
  4727 | D:9      | Reached skill level 5 in Invocations
  4814 | D:9      | Found a runed translucent door.
  4817 | D:9      | Noticed Seacsyemm's ghost (novice TrFi)
  4883 | D:9      | Noticed a two-headed ogre
  4903 | D:9      | Killed a two-headed ogre
  4903 | D:9      | Reached skill level 11 in Axes
  5049 | D:10     | Entered Level 10 of the Dungeon
  5260 | D:10     | Noticed a two-headed ogre
  5285 | D:10     | Killed a two-headed ogre
  5306 | D:10     | Noticed a gargoyle
  5333 | D:10     | Killed a gargoyle
  5333 | D:10     | Reached XP level 11. HP: 22/108 MP: 1/1
  5366 | D:10     | Identified a scroll of acquirement
  5366 | D:10     | Identified the +4 broad axe "Zuicauv" {antimagic, rC+ Int+3
                  | Dex+4} (You acquired it on level 10 of the Dungeon)
  5366 | D:10     | Identified the +0 kite shield "Yzaukoes" {Dex+4} (You
                  | acquired it on level 10 of the Dungeon)
  5643 | D:10     | Reached skill level 10 in Fighting
  5810 | D:10     | Reached *** piety under Makhleb
  6243 | D:11     | Noticed a purple ugly thing
  6244 | D:11     | Noticed a brown ugly thing
  6259 | D:11     | Killed a purple ugly thing
  6264 | D:11     | Killed a brown ugly thing
  6264 | D:11     | Reached skill level 5 in Shields
  6266 | D:11     | Reached skill level 12 in Axes
  6365 | D:11     | Noticed a purple ugly thing
  6385 | D:11     | Killed a purple ugly thing
  6475 | D:11     | Reached **** piety under Makhleb
  6504 | D:11     | Found a staircase to the Orcish Mines.
  6966 | D:12     | Reached ***** piety under Makhleb
  6979 | D:12     | Noticed a white ugly thing
  6988 | D:12     | Killed a white ugly thing
  7067 | D:12     | Reached XP level 12. HP: 118/118 MP: 0/2
  7553 | D:13     | Noticed a seven-headed hydra
  7568 | D:13     | Killed an eight-headed hydra
  7573 | D:13     | HP: 3/120 [orc knight/+0 long sword (12)]
  7679 | D:13     | Found a flagged portal.
  7694 | Bailey   | Entered a bailey
  7804 | Bailey   | Reached skill level 15 in Axes
  7804 | Bailey   | Reached XP level 13. HP: 81/127 MP: 0/2
  7829 | Bailey   | Reached ****** piety under Makhleb
  7891 | Bailey   | Identified the +3 buckler "Enkuy" {*Slow rPois rN++} (You
                  | acquired it in a bailey)
  8037 | D:8      | Bought the +3 plate armour "Vintitta" {Regen+ MP+9 Stlth+}
                  | for 1000 gold pieces
  8193 | D:13     | Reached skill level 10 in Armour
  8223 | D:13     | Found a gate to the Vaults.
  8828 | D:14     | Found a shadowy altar of Dithmenos.
  9065 | D:14     | You fall into a shaft and drop 1 floor!
  9065 | D:15     | Entered Level 15 of the Dungeon
  9065 | D:15     | Found an iron altar of Okawaru.
  9181 | D:15     | Gained mutation: You resist negative energy. (rN+) [Deep
                  | Dwarf growth]
  9181 | D:15     | Reached XP level 14. HP: 121/138 MP: 4/4
  9205 | D:15     | Reached skill level 16 in Axes
  9217 | D:15     | Gained mutation: Potions are less effective at restoring
                  | your health. [potion of mutation]
  9217 | D:15     | Gained mutation: You have a pair of small horns on your
                  | head. [potion of mutation]
  9218 | D:15     | Lost mutation: You have a pair of small horns on your head.
                  | [potion of mutation]
  9218 | D:15     | Lost mutation: Potions are less effective at restoring your
                  | health. [potion of mutation]
  9218 | D:15     | Gained mutation: You are partially covered in slimy green
                  | scales. (AC +2) [potion of mutation]
  9218 | D:15     | Gained mutation: You passively map a large area around you.
                  | [potion of mutation]
  9218 | D:15     | Gained mutation: Your movements are slightly less
                  | encumbered by armour. (ER -2) [potion of mutation]
  9445 | D:15     | Reached skill level 10 in Invocations
  9535 | D:15     | Found Nokh's Gadget Shoppe.
  9703 | D:15     | Noticed Agnes
  9730 | D:15     | Killed Agnes
  9794 | D:15     | Found a staircase to the Depths.
 10486 | Lair:1   | Entered Level 1 of the Lair of Beasts
 10989 | Lair:2   | Found a staircase to the Snake Pit.
 10998 | Lair:2   | Identified the +9 war axe "Xiphaf" {pain, MR++ Dex+3} (You
                  | acquired it on level 2 of the Lair of Beasts)
 11097 | Lair:2   | Found a staircase to the Shoals.
 11406 | Lair:2   | Found a dark tunnel.
 11466 | Volcano  | Entered a volcano
 11556 | Lair:2   | Noticed Esoasiq's ghost (journeyman DsGl)
 11569 | Lair:2   | Noticed Maggie
 11583 | Lair:2   | Killed Maggie
 11633 | Snake:1  | Entered Level 1 of the Snake Pit
 11697 | Snake:1  | Reached skill level 17 in Axes
 11697 | Snake:1  | Reached XP level 15. HP: 121/147 MP: 0/4
 11980 | Snake:3  | Noticed Kirke
 11990 | Snake:3  | Killed Kirke
 12089 | Snake:4  | Entered Level 4 of the Snake Pit
 12118 | Snake:4  | Noticed a nagaraja
 12164 | Snake:4  | Killed a nagaraja
 12416 | Snake:4  | Noticed a nagaraja
 12418 | Snake:4  | Noticed a nagaraja
 12424 | Snake:4  | Noticed a nagaraja
 12436 | Snake:4  | Noticed Aizul
 12439 | Snake:4  | Killed a nagaraja
 12439 | Snake:4  | Reached skill level 10 in Shields
 12440 | Snake:4  | Killed a nagaraja
 12455 | Snake:4  | Noticed a nagaraja
 12461 | Snake:4  | Killed a nagaraja
 12466 | Snake:4  | Killed Aizul
 12469 | Snake:4  | Noticed a nagaraja
 12482 | Snake:4  | Reached skill level 18 in Axes
 12482 | Snake:4  | Reached XP level 16. HP: 111/159 MP: 2/6
 12518 | Snake:4  | Got a serpentine rune of Zot
 12650 | Shoals:1 | Entered Level 1 of the Shoals
 12901 | Shoals:1 | HP: 1/160 [merfolk/cursed -3 trident (9)]
 12903 | Shoals:1 | Slain by a merfolk aquamancer

Levels and vault maps discovered:
D:1:      dpeg_arrival_rhombus, layout_basic, minmay_box_of_dots
D:2:      layout_basic, uniq_crazy_yiuf_cottage, uniq_terence
D:3:      minmay_thinvault, layout_rooms, lemuel_coloured_pillars_altar,
          elyvilon_altar_3
D:4:      layout_layer_cave, lemuel_crystal_altar
D:5:      layout_basic, minmay_temple_entry_waves, first_ration, uniq_eustachio,
          uniq_pikel
D:6:      layout_rooms
D:7:      wander_river, layout_basic, chequers_temple_overflow_statue_of_worship
D:8:      layout_basic, kennysheep_mini, lair_entry_dummy, serial_shops,
          nicolae_shop_window_shopping, nicolae_shop_trees, grunt_livestock,
          david_defended_altar_elf
D:9:      layout_cross, grunt_temple_overflow_open,
          hellmonk_ghost_happy_afterlife, item_on_display_a
D:10:     layout_stronghold
D:11:     layout_small_grid, zombieorc1_lemuel
D:12:     layout_rooms
D:13:     kennysheep_big_flooded_room, layout_cave_pods,
          ximxim_vaults_locker_room, enter_bailey_3, nrook_campfire
D:14:     minmay_statue_hallways, layout_basic, nicolae_dithmenos_shadow_blocks
D:15:     hangedman_depths_entry_try_elsewhere_first, layout_irregular_city,
          minmay_stone_trees_small, serial_shops, nicolae_shop_trees,
          minmay_misc_feat_roman, okawaru_ov_weapons_minmay, uniq_agnes
Temple:   minmay_temple_bridge_abc
Lair:1:   layout_hall_layers, small_statue_intersection, minivault_24,
          grunt_megastairs_3, lemuel_fruit_tree
Lair:2:   layout_gridlike, elwin_shoals_entry_stream,
          guppyfry_snake_entry_island, special_room [special_room_bee],
          hellmonk_ghost_happy_afterlife, nicolae_volcano_entry_two_sided,
          st_stairs_11, patterned_corridor, uniq_maggie
Shoals:1: cheibrodos_shoals_three_sisters, layout_shoals, uniq_josephine
Snake:1:  layout_onion, st_stairs_14, minmay_shop_grove, uniq_azrael
Snake:2:  kennysheep_snake, layout_rooms
Snake:3:  layout_cave_town, nicolae_snake_springs, uniq_kirke
Snake:4:  snake_pit, layout_rooms, uniq_aizul

Skill      XL: |  1  2  3  4  5  6  7  8  9 10 11 12 13 14 15 |
---------------+----------------------------------------------+-----
Fighting       | 3 4 6 7 8 9 10 11 12 13 14 | 14.6
Axes           | 3 4 5 6 8 9 11 12 15 17 18 | 18.0
Armour         | 4 5 6 7 8 9 10 11 12 | 12.8
Shields        | 4 5 6 7 9 10 | 10.7
Invocations    | 3 5 7 8 9 11 12 | 12.8

Action                   |  1- 3 |  4- 6 |  7- 9 | 10-12 | 13-15 | 16-18 || total
-------------------------+-------+-------+-------+-------+-------+-------++-------
Melee: War axe           |    88 |   128 |   439 |   249 |       |       ||   904
       Broad axe         |       |       |       |   414 |   954 |   137 ||  1505
Invok: Lesser Servant of |       |       |       |       |     5 |       ||     5
       Greater Servant o |       |       |       |       |     2 |       ||     2
 Abil: Heal Wounds       |     2 |     8 |    21 |    27 |    19 |     3 ||    80
Evoke: Wand              |       |       |       |     4 |       |       ||     4
  Use: Potion            |       |       |       |     2 |     9 |       ||    11
       Scroll            |       |       |       |    23 |     8 |       ||    31
 Stab: Invisible         |       |       |       |       |     7 |       ||     7
       Distracted        |       |       |       |       |     2 |       ||     2
  Eat: Chunk             |       |     1 |     7 |    19 |    10 |       ||    37
       Ration            |       |     1 |       |       |     2 |     1 ||     4
Armor: Scale mail        |    44 |    75 |   211 |       |       |       ||   330
       Chain mail        |       |       |   113 |    78 |       |       ||   191
       Plate armour      |       |       |       |   366 |   542 |   131 ||  1039
Dodge: Dodged            |    26 |    73 |   195 |   140 |   339 |    57 ||   830
Block: Kite shield       |    50 |    80 |   306 |   438 |   580 |       ||  1454
       Tower shield      |       |       |       |       |   122 |   236 ||   358

Table legend:
 A = Non-vault XP
 B = Vault XP
 C = Vault XP percentage of total XP
 D = Non-vault monster count
 E = Vault monster count
 F = Vault count percentage of total count
                 A         B        C        D         E       F
            +---------+---------+-------+---------+---------+-------
      Total |   92664 |   61144 |  39.8 |     453 |     211 |  31.8
            +---------+---------+-------+---------+---------+-------
        D:1 |       7 |       2 |  22.2 |       3 |       1 |  25.0
        D:2 |      63 |       0 |   0.0 |      18 |       0 |   0.0
        D:3 |      31 |       0 |   0.0 |       8 |       0 |   0.0
        D:4 |     490 |       0 |   0.0 |      21 |       0 |   0.0
        D:5 |     539 |     819 |  60.3 |      19 |       2 |   9.5
        D:6 |     735 |       0 |   0.0 |      12 |       0 |   0.0
        D:7 |    1294 |       0 |   0.0 |      27 |       0 |   0.0
        D:8 |    1275 |    1550 |  54.9 |      16 |       6 |  27.3
        D:9 |    2703 |       0 |   0.0 |      27 |       0 |   0.0
       D:10 |    3622 |       0 |   0.0 |      28 |       0 |   0.0
       D:11 |    5207 |     697 |  11.8 |      41 |      29 |  41.4
       D:12 |    3069 |       0 |   0.0 |      15 |       0 |   0.0
       D:13 |    3717 |    5309 |  58.8 |      32 |      17 |  34.7
       D:14 |    9989 |       0 |   0.0 |      36 |       0 |   0.0
       D:15 |   20594 |    4562 |  18.1 |      63 |       5 |   7.4
     Lair:1 |    4139 |     439 |   9.6 |      21 |       1 |   4.5
     Lair:2 |     777 |    4421 |  85.1 |       4 |      33 |  89.2
   Shoals:1 |   10628 |    1646 |  13.4 |      22 |       2 |   8.3
    Snake:1 |    4057 |    1191 |  22.7 |       9 |       7 |  43.8
    Snake:2 |    4575 |       0 |   0.0 |       7 |       0 |   0.0
    Snake:3 |    3081 |    8996 |  74.5 |       6 |      22 |  78.6
    Snake:4 |   12072 |   25451 |  67.8 |      18 |      41 |  69.5
     Bailey |       0 |    3225 | 100.0 |       0 |      40 | 100.0
    Volcano |       0 |    2836 | 100.0 |       0 |       5 | 100.0
            +---------+---------+-------+---------+---------+-------
